 Dungeon Crawl Stone Soup version 0.21-a0-522-ga8338f0 (webtiles) character file.

158 slep the Skirmisher (level 5, 0/41 HPs)
             Began as a Demonspawn Fighter on Dec 7, 2017.
             Slain by a worker ant (5 damage)
             ... on level 4 of the Dungeon.
             The game lasted 00:06:42 (2496 turns).

slep the Skirmisher (Demonspawn Fighter)            Turns: 2496, Time: 00:06:42

Health: 0/41       AC:  8    Str: 17    XL:     5   Next: 16%
Magic:  5/5        EV:  7    Int:  9    God:
Gold:   154        SH:  9    Dex: 13    Spells: 4/4 levels left

rFire    . . .     SeeInvis .   a - +0 war axe
rCold    . . .     Gourm    .   c - +0 shield
rNeg     . . .     Faith    .   b - +0 scale mail
rPois    .         Spirit   .   (no helmet)
rElec    .         Reflect  .   (no cloak)
rCorr    .         Harm     .   (no gloves)
MR       .....                  (no boots)
Stlth    ++........             (no amulet)
HPRegen  0.13/turn              (no ring)
MPRegen  0.09/turn              (no ring)

@: lethally poisoned (0 -> -5)
A: molten scales 1, nightstalker 2
a: no special abilities


You were on level 4 of the Dungeon.
You were not hungry.

You visited 1 branch of the dungeon, and saw 4 of its levels.

You collected 154 gold pieces.

Inventory:

Hand Weapons
 a - a +0 war axe (weapon)
Armour
 b - a +0 scale mail (worn)
 c - a +0 shield (worn)
Jewellery
 n - an uncursed ring of ice
Wands
 k - a wand of paralysis (7)
Scrolls
 e - a scroll of blinking {unknown}
 g - 3 scrolls of identify {unknown}
 h - 3 scrolls of magic mapping {unknown}
 j - a scroll of remove curse {unknown}
 m - 2 scrolls of enchant weapon {unknown}
 q - a scroll of amnesia {unknown}
Potions
 d - a potion of might
 i - 3 potions of curing {unknown}
 o - 2 potions of brilliance {unknown}
Comestibles
 f - 2 bread rations
 l - 3 royal jellies
 p - a fruit
 r - a chunk of flesh


   Skills:
 + Level 3.6 Fighting
 + Level 3.5 Axes
 + Level 3.4 Armour
 + Level 0.4 Dodging
 + Level 0.1 Stealth
 + Level 3.0 Shields


You had 4 spell levels left.
You didn't know any spells.

Dungeon Overview and Level Annotations

Branches:
Dungeon (4/15)
 Temple: D:4-7

Altars:
Cheibriados
Elyvilon
Sif Muna
Xom
The Shining One

Annotations:
D:3 Blork the orc


Innate Abilities, Weirdness & Mutations

You are partially covered in molten scales. (AC +2)
You are significantly more attuned to the shadows.


Message History

You closely miss the worker ant.
The worker ant is almost dead.
The worker ant bites you.
* * * LOW HITPOINT WARNING * * *
You are lethally poisoned!
The worker ant poisons you! The worker ant barely misses you.
You barely miss the worker ant.
The worker ant is almost dead.
* * * LOW HITPOINT WARNING * * *
You feel sick. You block the worker ant's attack.
You closely miss the worker ant.
The worker ant is almost dead.
* * * LOW HITPOINT WARNING * * *
You feel sick.
The worker ant bites you but does no damage. x2
You closely miss the worker ant.
The worker ant is almost dead.
* * * LOW HITPOINT WARNING * * *
You feel sick. The worker ant bites you.
You die...

... ... #
....
#.##+####....
#.......a....
#...@..#
#......#
#......#
........#
.#.......+
#.......#


You could see a worker ant.

Vanquished Creatures
  A bullfrog (D:3)
  2 adders
  An ooze (D:1)
  3 worms
  A dart slug (D:2)
  3 orcs (D:2)
  5 giant cockroaches
  4 hobgoblins
  2 jackals (D:2)
  11 kobolds
  3 quokkas
  4 ball pythons
  6 bats
  3 frilled lizards
  4 goblins
  8 rats
61 creatures vanquished.

Notes
Turn   | Place    | Note
-------+----------+-------------------------------------------
     0 | D:1      | slep the Demonspawn Fighter began the quest for the Orb.
     0 | D:1      | Reached XP level 1. HP: 18/18 MP: 1/1
   161 | D:1      | Gained mutation: You are partially covered in molten scales. (AC +2) [demonic ancestry]
   161 | D:1      | Reached XP level 2. HP: 23/24 MP: 2/2
   684 | D:1      | You fall through a shaft!
   761 | D:2      | Found a shimmering altar of Xom.
   838 | D:2      | Reached XP level 3. HP: 28/29 MP: 3/3
   849 | D:2      | Found a shimmering altar of Xom.
   945 | D:2      | Found a snail-covered altar of Cheibriados.
  1231 | D:2      | Found a white marble altar of Elyvilon.
  1574 | D:3      | Noticed a bullfrog
  1585 | D:3      | Killed a bullfrog
  1585 | D:3      | Gained mutation: You are slightly more attuned to the shadows. [demonic ancestry]
  1585 | D:3      | Reached XP level 4. HP: 23/36 MP: 4/4
  1696 | D:3      | Noticed Blork the orc
  1702 | D:3      | Found a deep blue altar of Sif Muna.
  1750 | D:3      | Gained mutation: You are significantly more attuned to the shadows. [demonic ancestry]
  1750 | D:3      | Reached XP level 5. HP: 12/41 MP: 5/5
  1773 | D:3      | HP: 2/41 [poisoned by an adder]
  1781 | D:3      | HP: 1/41 [poisoned by an adder]
  2109 | D:3      | Found a glowing golden altar of the Shining One.
  2248 | D:3      | Found a faded altar of an unknown god.
  2496 | D:4      | Slain by a worker ant

Vault maps used:
D:1:      saegor_arrival_under_anarchy
D:2:      lemuel_crystal_altar, nicolae_overflow_crystal_walls, xom_butterflies,
          xom_teletrap_fun
D:3:      tgw_sif, chequers_ecumenical_altar_simple,
          nicolae_tso_swordbearing_angel
D:4:      minmay_opposing_rooms, first_bread, uniq_grinder, uniq_sigmund

Skill      XL: |  1  2  3  4  5 |
---------------+----------------+-----
Armour         | 3 |  3.4
Axes           | 2 3 |  3.5
Shields        | 3 |  3.0
Fighting       | |  3.6
Dodging        | |  0.4
Stealth        | |  0.1

Action                   |  1- 3 |  4- 6 || total
-------------------------+-------+-------++-------
Melee: War axe           |   134 |    73 ||   207
 Stab: Sleeping          |       |     2 ||     2
  Eat: Chunk             |     2 |     3 ||     5
Armor: Scale mail        |    70 |    36 ||   106
Dodge: Dodged            |    38 |    32 ||    70
Block: Shield            |    61 |    46 ||   107

Table legend:
 A = Spawn XP
 B = Non-spawn XP
 C = Spawn XP percentage of total XP
 D = Spawn monster count
 E = Non-spawn monster count
 F = Spawn count percentage of total count
 G = Total turns spent on level
                    A         B        C        D         E        F      G
               +---------+---------+-------+---------+---------+-------+---------
         Total |       0 |     226 |   0.0 |       0 |      61 |   0.0 |  2496
               +---------+---------+-------+---------+---------+-------+---------
           D:1 |       0 |      31 |   0.0 |       0 |      17 |   0.0 |   899
           D:2 |       0 |      50 |   0.0 |       0 |      23 |   0.0 |   645
           D:3 |       0 |     132 |   0.0 |       0 |      20 |   0.0 |   925
           D:4 |       0 |      13 |   0.0 |       0 |       1 |   0.0 |    27
               +---------+---------+-------+---------+---------+-------+---------
